[Event "ICC tourney 3161 (40 10)"]
[Site "Internet Chess Club"]
[Date "2023.04.01"]
[Round "4"]
[White "Hamlett, James Morrison:Hamlett144"]
[Black "MEI, ZERUI TITUS:Thankfulfortune"]
[Result "0-1"]
[ICCResult "White resigns"]
[WhiteElo "1414"]
[BlackElo "1480"]
[Opening "Rousseau gambit"]
[ECO "C50"]
[NIC "IG.03"]
[Time "17:46:19"]
[PlyCount "42"]
[TimeControl "2400+10"]

1. e4 e5 2. Nf3 Nc6 3. Bc4 f5 4. exf5 e4 5. Qe2 Qe7 6. Ng1 Nf6 7. Nc3 d6 8.
g4 h6 9. Nh3 Bd7 10. Nf4 Nd4 11. Qd1 Nf3+ 12. Kf1 Ne5 13. Ng6 Nxg6 14. fxg6
Bxg4 15. Nd5 Bxd1 16. Nxe7 Bxe7 17. f4 exf3 18. d3 Be2+ 19. Kf2 d5 20. Bb3
Bc5+ 21. Be3 Ng4+ {White resigns} 0-1

[Event "ICC tourney 3161 (40 10)"]
[Site "Internet Chess Club"]
[Date "2023.04.01"]
[Round "4"]
[White "RAMKUMAR, NIKHIL:nikhilramkumar"]
[Black "BARANWAL, SUVAN:suvanba"]
[Result "0-1"]
[ICCResult "White checkmated"]
[WhiteElo "1632"]
[BlackElo "1583"]
[Opening "Queen's pawn: stonewall attack"]
[ECO "A45"]
[NIC "QP.07"]
[Time "17:49:49"]
[PlyCount "48"]
[TimeControl "2400+10"]

1. d4 Nf6 2. e3 d5 3. Bd3 c5 4. c3 Nc6 5. f4 Ne4 6. Nd2 f5 7. Ngf3 e6 8. O-O
Be7 9. Ne5 O-O 10. Qh5 cxd4 11. exd4 Nxe5 12. fxe5 g6 13. Qh3 Bd7 14. Nf3 g5
15. Bxe4 g4 16. Qh5 Be8 17. Qh6 fxe4 18. Qxe6+ Kh8 19. Ne1 Rxf1+ 20. Kxf1
Bb5+ 21. Kf2 Bh4+ 22. g3 Qf8+ 23. Nf3 Qxf3+ 24. Ke1 Qe2# {White checkmated}
0-1

[Event "ICC tourney 3161 (40 10)"]
[Site "Internet Chess Club"]
[Date "2023.04.01"]
[Round "4"]
[White "SULTAN, BASHIR Cisse:muzikmixer"]
[Black "BRUDNO, STEPHEN:StevChess01"]
[Result "0-1"]
[ICCResult "White resigns"]
[WhiteElo "1639"]
[BlackElo "1461"]
[Opening "English opening"]
[ECO "A10"]
[NIC "EO.64"]
[Time "17:46:16"]
[PlyCount "34"]
[TimeControl "2400+10"]

1. c4 g6 2. e4 Bg7 3. d4 c5 4. Nf3 Qb6 5. dxc5 Qxc5 6. Nc3 d6 7. a3 Nf6 8.
Be3 Qc7 9. h3 O-O 10. Qd2 Be6 11. Rc1 Rc8 12. Nb5 Qd8 13. Nxa7 Nxe4 14. Qb4
Nc6 15. Nxc6 bxc6 16. Bb6 Qe8 17. a4 c5 {White resigns} 0-1

[Event "ICC tourney 3161 (40 10)"]
[Site "Internet Chess Club"]
[Date "2023.04.01"]
[Round "4"]
[White "Dillibabu, Jaithra:JaithraDilli"]
[Black "Mason, Mike W:MikeWMason"]
[Result "0-1"]
[ICCResult "White resigns"]
[WhiteElo "1351"]
[BlackElo "1800"]
[Opening "Queen's pawn, Mason variation, Steinitz counter-gambit"]
[ECO "D00"]
[NIC "QP.08"]
[Time "17:47:56"]
[PlyCount "87"]
[TimeControl "2400+10"]

1. d4 d5 2. Bf4 c5 3. e3 Nc6 4. dxc5 e5 5. Bg3 Bxc5 6. Nf3 f6 7. Be2 Nge7 8.
Nbd2 O-O 9. O-O Nf5 10. e4 Nxg3 11. hxg3 dxe4 12. Nxe4 Be7 13. Bc4+ Kh8 14.
Qxd8 Rxd8 15. Nc3 Nb4 16. Rac1 Bf5 17. Bb3 Rac8 18. a3 Nc6 19. Rfd1 g6 20.
Rxd8+ Rxd8 21. Rd1 Rxd1+ 22. Nxd1 e4 23. Ne1 Nd4 24. Ne3 Bd7 25. Bd5 Bc6 26.
Bxc6 Nxc6 27. c3 Kg7 28. Kf1 Kf7 29. N1c2 Ke6 30. Nd4+ Kd7 31. Nxc6 Kxc6 32.
Ke2 f5 33. g4 f4 34. Nc2 Bf6 35. Kd2 Kc5 36. b3 h5 37. gxh5 gxh5 38. Ne1 h4
39. f3 Kd5 40. c4+ Ke5 41. fxe4 Kxe4 42. Nf3 h3 43. Ke2 hxg2 44. Kf2
{White resigns}
0-1

[Event "ICC tourney 3161 (40 10)"]
[Site "Internet Chess Club"]
[Date "2023.04.01"]
[Round "4"]
[White "JAIN, PIYUSH:Piyush786"]
[Black "QIAO, RICHARDSON JINGSI:Richardsonqiao"]
[Result "1-0"]
[ICCResult "Black checkmated"]
[WhiteElo "1805"]
[BlackElo "1347"]
[Opening "KGA: Abbazia defense, modern variation"]
[ECO "C36"]
[NIC "KG.02"]
[Time "17:46:16"]
[PlyCount "151"]
[TimeControl "2400+10"]

1. e4 e5 2. f4 exf4 3. Nf3 d5 4. exd5 Nf6 5. Bc4 Bd6 6. Qe2+ Qe7 7. Qxe7+
Kxe7 8. O-O Re8 9. d3 Kf8 10. Nc3 Bg4 11. Bd2 Nbd7 12. Nb5 Nh5 13. Nxd6 cxd6
14. Ng5 Ndf6 15. Bxf4 Be2 16. Bxd6+ Kg8 17. Rf2 h6 18. Nh3 Ng4 19. Rf5 g6
20. Rxh5 gxh5 21. Nf2 Ne3 22. Bb3 Rac8 23. Ne4 Kg7 24. Re1 Nf5 25. Rxe2 Nxd6
26. Nxd6 Rxe2 27. Nxc8 a6 28. d6 Re8 29. d7 Rd8 30. Nb6 f5 31. Kf2 Kf6 32.
Kf3 Ke5 33. Kg3 Kd6 34. a4 Kc6 35. Nc4 Kxd7 36. Kf4 Ke7 37. Kxf5 Rg8 38. Ne3
Rg5+ 39. Kf4 Kd6 40. g3 Ke7 41. Nf5+ Kf6 42. Nxh6 Kg6 43. Nf7 Rf5+ 44. Ke4
Rf2 45. h4 Re2+ 46. Kf3 Re7 47. Ng5 Kf5 48. Ne4 Rg7 49. Bd5 Ke5 50. Bc4 Rc7
51. g4 hxg4+ 52. Kxg4 Rg7+ 53. Ng5 Kf6 54. d4 Rc7 55. b3 b5 56. axb5 axb5
57. Bxb5 Rxc2 58. Ne4+ Kg7 59. d5 Rc8 60. d6 Rd8 61. d7 Kf7 62. Kg5 Rg8+ 63.
Kf5 Ke7 64. Nc5 Rb8 65. Bc6 Rf8+ 66. Ke5 Rf6 67. Nb7 Rxc6 68. d8=Q+ Kf7 69.
Qd7+ Kg6 70. Qxc6+ Kf7 71. Qe6+ Kg7 72. Kf5 Kh7 73. Kg5 Kg7 74. Qe7+ Kh8 75.
Kg6 Kg8 76. Qe8# {Black checkmated} 1-0

[Event "ICC tourney 3161 (40 10)"]
[Site "Internet Chess Club"]
[Date "2023.04.01"]
[Round "4"]
[White "DENG, MICHAEL:K03-16811908"]
[Black "MISHRA, OM:Omk"]
[Result "0-1"]
[ICCResult "White resigns"]
[WhiteElo "1767"]
[BlackElo "1773"]
[Opening "Sicilian: Najdorf"]
[ECO "B90"]
[NIC "SI.14"]
[Time "17:46:17"]
[PlyCount "86"]
[TimeControl "2400+10"]

1. e4 c5 2. Nf3 d6 3. d4 cxd4 4. Nxd4 Nf6 5. Nc3 a6 6. Qd3 e5 7. Nf5 g6 8.
Ne3 Nbd7 9. Ned5 Nc5 10. Nxf6+ Qxf6 11. Qd1 Be6 12. Be3 Qd8 13. b4 Nd7 14.
Nd5 Rc8 15. c4 Be7 16. Rc1 Nf6 17. Nxe7 Qxe7 18. Bg5 h6 19. Bxf6 Qxf6 20.
Qxd6 Qf4 21. Qd2 Qxe4+ 22. Qe2 Qf4 23. Qe3 Qxe3+ 24. fxe3 Ke7 25. a3 Rhd8
26. Be2 Rc7 27. Rc2 Rcd7 28. Kf2 Rd2 29. Rhc1 Bf5 30. Rxd2 Rxd2 31. Rc3 Bg4
32. Rd3 Rxe2+ 33. Kg3 Bf5 34. Rc3 Rc2 35. Rxc2 Bxc2 36. Kf3 Ke6 37. e4 f5
38. exf5+ Kxf5 39. g4+ Kg5 40. Kg3 h5 41. h4+ Kf6 42. g5+ Kf5 43. Kf3 Bd1+
{White resigns}
0-1

[Event "ICC tourney 3161 (40 10)"]
[Site "Internet Chess Club"]
[Date "2023.04.01"]
[Round "5"]
[White "MISHRA, OM:Omk"]
[Black "JAIN, PIYUSH:Piyush786"]
[Result "1/2-1/2"]
[ICCResult "Game drawn by mutual agreement"]
[WhiteElo "1773"]
[BlackElo "1805"]
[Opening "Giuoco Pianissimo"]
[ECO "C55"]
[NIC "IG.01"]
[Time "20:00:31"]
[PlyCount "42"]
[TimeControl "2400+10"]

1. e4 e5 2. Nf3 Nc6 3. Bc4 Nf6 4. d3 Bc5 5. c3 O-O 6. a4 a5 7. Nbd2 d6 8.
O-O Bg4 9. Re1 Qd7 10. Nf1 h6 11. h3 Be6 12. Bxe6 fxe6 13. Be3 Bxe3 14. Rxe3
Rae8 15. d4 exd4 16. Nxd4 Nxd4 17. Qxd4 e5 18. Qc4+ Qf7 19. Qxf7+ Rxf7 20.
Ng3 Nd7 21. f3 Nc5 {Game drawn by mutual agreement} 1/2-1/2

[Event "ICC tourney 3161 (40 10)"]
[Site "Internet Chess Club"]
[Date "2023.04.01"]
[Round "5"]
[White "RAMKUMAR, NIKHIL:nikhilramkumar"]
[Black "Dillibabu, Jaithra:JaithraDilli"]
[Result "1-0"]
[ICCResult "Black resigns"]
[WhiteElo "1632"]
[BlackElo "1351"]
[Opening "Queen's pawn"]
[ECO "A40"]
[NIC "QO.17"]
[Time "20:01:37"]
[PlyCount "103"]
[TimeControl "2400+10"]

1. d4 e6 2. e3 d5 3. Bd3 c5 4. c3 Nc6 5. f4 cxd4 6. exd4 Bd6 7. Nf3 Qc7 8.
Ne5 Nxe5 9. fxe5 Be7 10. O-O Bd7 11. Qh5 g6 12. Qf3 O-O-O 13. Qxf7 Bf8 14.
Bg5 Re8 15. Qxf8 Ne7 16. Qf3 Nf5 17. Bxf5 exf5 18. Bf6 Rhg8 19. Qxd5 Be6 20.
Qf3 Qb6 21. Nd2 Rgf8 22. Kh1 Rf7 23. Nb3 Bd7 24. Nc5 Bb5 25. Rf2 Ref8 26. a4
Be8 27. a5 Qc6 28. Qxc6+ Bxc6 29. c4 Rxf6 30. exf6 Rxf6 31. Re1 Rf7 32. d5
Bd7 33. Nxd7 Kxd7 34. Rfe2 Kd6 35. b4 a6 36. Re6+ Kd7 37. Rb6 Kc8 38. h3 Kc7
39. d6+ Kd8 40. Re7 Rxe7 41. dxe7+ Kxe7 42. Rxb7+ Kd6 43. Rb6+ Ke5 44. Rxa6
Kd4 45. Rc6 Kc3 46. b5 Kb4 47. a6 Ka5 48. a7 Kb4 49. a8=Q Kb3 50. b6 Kc3 51.
b7 Kd4 52. b8=Q {Black resigns} 1-0

[Event "ICC tourney 3161 (40 10)"]
[Site "Internet Chess Club"]
[Date "2023.04.01"]
[Round "5"]
[White "BARANWAL, SUVAN:suvanba"]
[Black "ZHANG, ARI:brass60Six"]
[Result "1-0"]
[ICCResult "Black checkmated"]
[WhiteElo "1583"]
[BlackElo "1343"]
[Opening "Caro-Kann: Panov-Botvinnik attack, 5...e6"]
[ECO "B14"]
[NIC "CK.02"]
[Time "20:00:46"]
[PlyCount "55"]
[TimeControl "2400+10"]

1. e4 c6 2. d4 d5 3. exd5 cxd5 4. c4 e6 5. Nc3 Nf6 6. Nf3 h6 7. cxd5 exd5 8.
Bd3 Bd6 9. h3 Nc6 10. O-O O-O 11. a3 a6 12. Re1 Re8 13. Rxe8+ Qxe8 14. Be3
Be6 15. Rc1 Rb8 16. Qc2 Qe7 17. Na4 Bd7 18. Nc5 Bxc5 19. dxc5 Ne5 20. Nxe5
Qxe5 21. Qd2 Qe8 22. Bd4 Qd8 23. Re1 Bc6 24. Qf4 Rc8 25. Qf5 Kf8 26. Bxf6
gxf6 27. Qh7 f5 28. Qh8# {Black checkmated} 1-0

[Event "ICC tourney 3161 (40 10)"]
[Site "Internet Chess Club"]
[Date "2023.04.01"]
[Round "5"]
[White "HELMSEN, GAVIN:ghelmsen"]
[Black "MEI, ZERUI TITUS:Thankfulfortune"]
[Result "1-0"]
[ICCResult "Black resigns"]
[WhiteElo "1558"]
[BlackElo "1480"]
[Opening "Center game: Paulsen attack"]
[ECO "C22"]
[NIC "KP.04"]
[Time "20:00:29"]
[PlyCount "41"]
[TimeControl "2400+10"]

1. e4 e5 2. d4 exd4 3. Qxd4 Nc6 4. Qe3 Nge7 5. Bd2 d6 6. Nc3 g6 7. O-O-O Bg7
8. f4 f5 9. Nf3 Be6 10. Ng5 Bg8 11. exf5 gxf5 12. Be2 Qd7 13. Bh5+ Kd8 14.
Nf7+ Bxf7 15. Bxf7 a6 16. Rhe1 b5 17. Nd5 Nxd5 18. Bxd5 Bf6 19. Bc3 Bxc3 20.
Qxc3 b4 21. Qxh8+ {Black resigns} 1-0

[Event "ICC tourney 3161 (40 10)"]
[Site "Internet Chess Club"]
[Date "2023.04.01"]
[Round "5"]
[White "BRUDNO, STEPHEN:StevChess01"]
[Black "Hamlett, James Morrison:Hamlett144"]
[Result "0-1"]
[ICCResult "White resigns"]
[WhiteElo "1461"]
[BlackElo "1414"]
[Opening "QGD: exchange variation"]
[ECO "D35"]
[NIC "QO.16"]
[Time "20:00:29"]
[PlyCount "56"]
[TimeControl "2400+10"]

1. d4 Nf6 2. c4 e6 3. Nc3 d5 4. cxd5 Nxd5 5. e4 Nxc3 6. bxc3 c5 7. d5 exd5
8. exd5 Bd6 9. Nf3 Bg4 10. Be2 O-O 11. O-O Re8 12. Be3 Nd7 13. h3 Bh5 14. c4
b6 15. Qd2 Bxf3 16. Bxf3 Ne5 17. Be2 Qf6 18. Kh1 h6 19. Qc2 g5 20. Qd2 g4
21. Bxg4 Nxg4 22. g3 Qf3+ 23. Kg1 Nxe3 24. fxe3 Qxg3+ 25. Kh1 Qxh3+ 26. Kg1
Qxe3+ 27. Qxe3 Rxe3 28. Rf6 Be5 {White resigns} 0-1

[Event "ICC tourney 3161 (40 10)"]
[Site "Internet Chess Club"]
[Date "2023.04.01"]
[Round "5"]
[White "QIAO, RICHARDSON JINGSI:Richardsonqiao"]
[Black "DENG, MICHAEL:K03-16811908"]
[Result "0-1"]
[ICCResult "White checkmated"]
[WhiteElo "1347"]
[BlackElo "1767"]
[Opening "Queen's pawn: London system"]
[ECO "A45"]
[NIC "QP.07"]
[Time "20:01:37"]
[PlyCount "96"]
[TimeControl "2400+10"]

1. d4 Nf6 2. Bf4 g6 3. e3 Bg7 4. Nf3 O-O 5. Be2 d6 6. c4 b6 7. Nc3 Bb7 8.
O-O Ne4 9. Qc2 Nxc3 10. bxc3 Nd7 11. Rfd1 c5 12. Bg3 Qc7 13. d5 Nf6 14. Rac1
Bc8 15. e4 Nh5 16. Ne1 Nxg3 17. hxg3 Bd7 18. f4 f5 19. Nf3 fxe4 20. Qxe4 Bf5
21. Qe3 Bf6 22. Nh2 e5 23. dxe6 Rae8 24. Bf3 Bxe6 25. Qd3 Rf7 26. Re1 Rfe7
27. Rxe6 Rxe6 28. Bd5 Kg7 29. Bxe6 Rxe6 30. Rd1 Qe7 31. Nf3 Re3 32. Qxd6
Rxc3 33. Qxe7+ Bxe7 34. Rd7 Kf6 35. Ng5 Rxc4 36. Nxh7+ Ke6 37. Rxa7 Rc1+ 38.
Kh2 c4 39. Rc7 c3 40. Rc6+ Kd5 41. Rc8 c2 42. Rc7 Bc5 43. Rd7+ Kc6 44. Rg7
Rh1+ 45. Kxh1 c1=Q+ 46. Kh2 Qg1+ 47. Kh3 Qh1+ 48. Kg4 Qh5# {White
checkmated} 0-1